 Dungeon Crawl Stone Soup version 0.30.1-9-gdf580d7c3d (webtiles) character file.

Game seed: 1536271613485812193

14 Ivernyr the Shield-Bearer (level 2, -5/24 HPs)
             Began as a Formicid Fighter on Oct 4, 2023.
             Killed from afar by Sigmund (8 damage)
             ... with a puff of flame
             ... on level 2 of the Dungeon.
             The game lasted 00:01:07 (764 turns).

Ivernyr the Shield-Bearer (Formicid Fighter)         Turns: 764, Time: 00:01:07

Health: -5/24      AC:  6    Str: 20    XL:     2   Next: 60%
Magic:  2/2        EV:  9    Int:  7    God:
Gold:   63         SH:  0    Dex: 13    Spells: 1/1 levels left

rFire   . . .        a - +0 flail
rCold   . . .        c - +0 buckler
rNeg    . . .        b - +0 scale mail
rPois   .            (helmet unavailable)
rElec   .            (no cloak)
rCorr   .            (no gloves)
SInv    +            (no boots)
Will    .....        (no amulet) Stlth
                     (no ring)
HPRegen 0.24/turn    (no ring)
MPRegen 0.08/turn

%: no passive effects
@: confused
A: permanent stasis, dig shafts and tunnels, antennae 3, four strong arms
a: Dig, Shaft Self


You were on level 2 of the Dungeon.
You visited 1 branch of the dungeon, and saw 2 of its levels.

You collected 63 gold pieces.

Inventory:

Hand Weapons
 a - a +0 flail (weapon)
Armour
 b - a +0 scale mail (worn)
 c - a +0 buckler (worn)
Scrolls
 f - 2 scrolls of teleportation {unknown}
Potions
 d - 2 potions of might
 e - a potion of heal wounds {unknown}
 g - 3 potions of curing {unknown}
 h - a potion of mutation {unknown}


   Skills:
 + Level 3.4 Fighting
 * Level 2.4 Maces & Flails
 + Level 3.4 Armour
 + Level 4.2 Shields


You had one spell level left.
You didn't know any spells.
Your spell library was empty.

Dungeon Overview and Level Annotations

Branches:
Dungeon (2/15)

Altars:

Annotations:
D:2 Sigmund


Innate Abilities, Weirdness & Mutations

You cannot be hasted, slowed, berserked, paralysed or teleported.
You can dig through walls and to a lower floor.
You have a pair of large antennae on your head. (SInv)
Your four strong arms can wield two-handed weapons with a shield.


Message History

You open the door.
There is an open door here.
You now have 63 gold pieces (gained 6).
Found a stone staircase leading down.
There is a stone staircase leading down here.
g - 3 brown potions (gained 2)
You see here a +2 hand axe of venom.
As you open the door, it creaks loudly!
There is an open door here.
You open the door.
Found an escape hatch in the ceiling.
There is an open door here.
There is an escape hatch in the ceiling here.
Found a ring mail.
Found a rapier.
Found a quarterstaff.
Found a leather armour.
You see here a +0 leather armour.
h - an emerald potion
Found a sling.
d - 2 potions of might (gained 1)
You sense a monster nearby.
Sigmund the Dreaded comes into view.
He is wielding a +0 scythe and carrying a wand of flame (18).
Sigmund shouts!
You see here a +0 sling.
Sigmund zaps a wand.
The puff of flame hits you. Sigmund barely misses you.
You closely miss Sigmund.
Sigmund points at you and mumbles some strange words.
You are confused.
You barely miss Sigmund. Sigmund hits you with a +0 scythe!
You bump into the rock wall.
Sigmund points at you and mumbles some strange words.
The magic dart hits you.
You bump into the rock wall.
Sigmund zaps a wand.
The puff of flame hits you!
* * * LOW HITPOINT WARNING * * *
You're too confused to move!
Sigmund hits you with a +0 scythe.
* * * LOW HITPOINT WARNING * * *
You barely miss Sigmund.
Sigmund zaps a wand.
The puff of flame hits you!
You die...

#.. ### #.......# #...
..# #####.###
#...###.###.# #.##
#.........#####..#####
###...#)#####.........##
..............#.#.###..+
###...#.#####......##.##
##.##.# #..###.##.## ##
#@# #..# #.##[# #@#
#..###.##.# #.#
#......##.# .#.
#.#######.# # #
#.........# #####.#####
#.# #.###### #.......


You could see Sigmund.

Vanquished Creatures
  2 endoplasms (D:1)
  A giant cockroach (D:1)
  2 goblins (D:1)
  A hobgoblin (D:1)
  2 kobolds (D:1)
  A ball python (D:1)
  2 frilled lizards (D:1)
  3 rats (D:1)
14 creatures vanquished.

Notes
Turn   | Place    | Note
-------+----------+-------------------------------------------
     0 | D:1      | Ivernyr the Formicid Fighter began the quest for the Orb.
     0 | D:1      | Reached XP level 1. HP: 18/18 MP: 1/1
   221 | D:1      | Reached XP level 2. HP: 22/24 MP: 2/2
   754 | D:2      | Noticed Sigmund
   764 | D:2      | Killed from afar by Sigmund

Illustrated notes

Levels and vault maps discovered:
D:1:      psy_arrival_conway, layout_basic
D:2:      layout_loops_corners, uniq_crazy_yiuf_cottage, uniq_sigmund

Action                     || total
---------------------------++-------
  Melee: Flail             ||    38
 Armour: Scale mail        ||    17
  Dodge: Dodged            ||    15
  Block: Buckler           ||     8
